 Dungeon Crawl Stone Soup version 0.28-a0-1389-gc726bef33b (webtiles) character file.

Game seed: 6482871538225386007

1568 gruber the Fighter (level 8, 0/71 HPs)
             Began as a Barachi Summoner on Jan 3, 2022.
             Was a Believer of Cheibriados.
             Succumbed to a water moccasin's poison
             ... on level 6 of the Dungeon.
             The game lasted 00:10:45 (7867 turns).

gruber the Fighter (Barachi Summoner)               Turns: 7867, Time: 00:10:46

Health: 0/71       AC:  4    Str: 20    XL:     8   Next: 90%
Magic:  7/8        EV: 12    Int: 22    God:    Cheibriados [**....]
Gold:   270        SH:  0    Dex: 17    Spells: 10/19 levels left

rFire   . . .      SeeInvis .   x - +10 hand axe of Terra Cotta {freeze, rF- MP-9 Str+7 Stlth+}
rCold   . . .      Faith    .   (no shield)
rNeg    . . .      Spirit   .   a - +0 robe
rPois   .          Reflect  .   i - +0 helmet
rElec   .          Harm     .   (no cloak)
rCorr   .          Rampage  .   v - +0 pair of gloves
Will    .....                   (no boots)
Stlth   +++.......              m - amulet of magic regeneration
HPRegen 0.21/turn               l - ring of protection from fire
MPRegen 0.51/turn               (no ring)

@: lethally poisoned (0 -> -9), unable to hop, very slow
A: amphibious, slowness 1, strong legs 1, +LOS
a: Hop, Renounce Religion, Bend Time


You were on level 6 of the Dungeon.
You worshipped Cheibriados.
Cheibriados was pleased with you.
You visited 2 branches of the dungeon, and saw 7 of its levels.

You collected 270 gold pieces.

Inventory:

Hand Weapons
 d - a +1 short sword of venom
 k - a +0 trident
 u - the +9 hand axe "Goiham" {drain, rC- rN++}
   (You found it on level 4 of the Dungeon)

   A truly terrible weapon, it drains the life of any living foe it strikes.
   rC:        It makes you vulnerable to cold.
   rN:        It greatly protects you from negative energy.
 x - the +10 hand axe of Terra Cotta (weapon) {freeze, rF- MP-9 Str+7 Stlth+}
   (You found it on level 5 of the Dungeon)

   It freezes those it strikes, dealing additional cold damage.
   It can also slow down cold-blooded creatures.
   Str:       It affects your strength (+7).
   rF:        It makes you vulnerable to fire.
   MP:        It affects your magic capacity (-9).
   Stlth:     It makes you more stealthy.
Missiles
 c - 5 datura-tipped darts
Armour
 a - a +0 robe (worn)
 i - a +0 helmet (worn)
 v - a +0 pair of gloves (worn)
Jewellery
 l - a ring of protection from fire (left hand)
 m - an amulet of magic regeneration (around neck)
Wands
 p - a wand of paralysis (15)
 r - a wand of flame (12)
 s - a wand of iceblast (9)
 w - a wand of charming (1)
Scrolls
 b - a scroll of fog {unknown}
 f - 4 scrolls of identify {unknown}
 h - a scroll of fear {unknown}
 j - 3 scrolls of blinking {unknown}
 q - 4 scrolls of noise {unknown}
 t - a scroll of teleportation {unknown}
 y - a scroll of magic mapping {unknown}
Potions
 e - 2 potions of haste {unknown}
 g - 2 potions of cancellation
 n - a potion of heal wounds {unknown}
 o - a potion of attraction {unknown}
 z - a potion of berserk rage {unknown}


   Skills:
 * Level 9.1 Fighting
 - Level 2.1 Dodging
 - Level 1.7 Stealth
 - Level 6.0 Spellcasting
 - Level 8.0 Summonings


You had 10 spell levels left.
You knew the following spells:

 Your Spells              Type           Power      Damage    Failure   Level
a - Summon Small Mammal   Summ           100%       N/A       1%          1
b - Call Imp              Summ           41%        N/A       1%          2
c - Call Canine Familiar  Summ           41%        N/A       1%          3
d - Summon Guardian Gole  Hex/Summ       24%        N/A       5%          3

Your spell library contained the following spells:

 Spells                   Type           Power      Damage    Failure   Level
 Summon Lightning Spire   Summ/Air       24%        N/A       17%         4
 Spider Form              Tmut/Pois      6%         N/A       26%         3
 Animate Dead             Necr           3%         N/A       65%         4
 Sticky Flame             Conj/Fire      6%         2d3       65%         4
 Alistair's Intoxication  Tmut/Pois      4%         N/A       94%         5
 Haunt                    Necr/Summ      12%        N/A       100%        7
 Ignition                 Fire           3%         3d4       100%        8
 Infestation              Necr           3%         N/A       100%        8


Dungeon Overview and Level Annotations

Branches:
Dungeon (6/15)             Temple (1/1) D:4

Altars:
Cheibriados
Dithmenos
Elyvilon
Fedhas
Gozag
Kikubaaqudgha
Makhleb
Nemelex Xobeh
Okawaru
Qazlal
Ru
Sif Muna
Trog
Uskayaw
Vehumet
Wu Jian
Xom
Yredelemnul
Zin
The Shining One

Shops:
D:4 *?(

Annotations:
D:6 Maggie, Pikel


Innate Abilities, Weirdness & Mutations

You are amphibious.
You cover ground slowly.
You can hop short distances.
You have an extended range of vision and can be seen from far away.


Message History

Casting: Summon Guardian Golem (dangerous; 5% risk of failure)
Confirm with . or Enter, or press ? or * to list all spells.
A guardian golem appears, shielding your allies.
You feel sick.
Your wolf is engulfed in blazing flames.
Your wolf barely misses Pikel.
Maggie completely misses you.
Your wolf is engulfed in blazing flames.
The water moccasin closely misses you.
Unknown command.
Unknown command.
Unknown command.
You cannot move away from Maggie!
Unknown command.
Unknown command.
You barely miss Pikel.
Pikel is almost dead.
You completely miss the water moccasin.
You feel sick.
Your wolf bites the water moccasin.
The water moccasin dies!
Cheibriados thoroughly appreciates the change of pace.
Pikel waves his whip at you.
Pikel hits you with a +2 whip of electrocution.
Maggie shouts, "Leave me alone!"
Maggie hits you from afar with a +1 glaive of flaming!
Maggie burns you!
* * * LOW HITPOINT WARNING * * *
Your wolf barely misses Pikel.
An ufetubus comes into view.
Your crimson imp hits Maggie.
Pikel barely misses you.
Maggie hits you from afar with a +1 glaive of flaming!
* * * LOW HITPOINT WARNING * * *
Maggie burns you.
* * * LOW HITPOINT WARNING * * *
Your Fighting skill increases to level 9!
Unknown command.
It was a potion of cancellation.
Your magical effects are unravelling.
You feel magically purged.
You break out of your daze.
You die...

.... ##......# . # #.#
##......# .# ...
.##.##..## .# ...
.....#...# .# ....
##.#......# ..#
.....##..# ##...###°°.##
.........###9....5..#..##
.........#.K@.§5....☼...#
#.5.....<.@.h5.§.........
...........##§§§...#$.##.
............#.....## ##
..................#
...............##.#
..............## ..#
#####.#####...# ....


PP. ###.# .... P.. ... ... You could see Maggie, Pikel (ally target), 2 lemures,
an ufetubus, a friendly guardian golem (summoned), a friendly wolf (summoned,
sheltered) and a friendly crimson imp (summoned, sheltered).

Vanquished Creatures
  A black bear (D:5)
  A necrophage (D:4)
  An ogre (D:5)
  A water moccasin zombie (D:5)
  A scorpion (D:5)
  4 hounds (D:5)
  A centaur skeleton (D:3)
  An orc priest (D:4)
  An orc wizard (D:4)
  A hound skeleton (D:5)
  2 gnolls
  5 adders
  A worm (D:2)
  A dart slug (D:1)
  10 orcs
  2 endoplasms
  3 giant cockroaches
  16 goblins
  4 hobgoblins
  2 kobolds
  4 quokkas
  9 ball pythons
  3 bats
  7 frilled lizards
  7 rats
89 creatures vanquished.

Vanquished Creatures (collateral kills)
  Sigmund (D:2)
  A water moccasin (D:6)
  A scorpion (D:5)
  An iguana (D:5)
  Robin (D:2)
  6 gnolls
  4 adders
  2 worms (D:3)
  9 orcs
  2 bats
  5 endoplasms
  2 giant cockroaches
  7 goblins
  3 hobgoblins (D:1)
  A quokka (D:1)
  3 ball pythons
  3 frilled lizards
  2 kobolds (D:1)
  2 rats (D:1)
56 creatures vanquished.

Vanquished Creatures (others)
  Grinder (D:4)
  Menkaure (D:6)
  2 lemures (D:6)
  17 plants
21 creatures vanquished.

Grand Total: 166 creatures vanquished

Notes
Turn   | Place    | Note
-------+----------+-------------------------------------------
     0 | D:1      | gruber the Barachi Summoner began the quest for the Orb.
     0 | D:1      | Reached XP level 1. HP: 13/13 MP: 3/3
    21 | D:1      | Reached skill level 5 in Summonings
   497 | D:1      | Reached XP level 2. HP: 15/19 MP: 1/5
   500 | D:1      | Learned a level 2 spell: Call Imp
  1023 | D:1      | Reached XP level 3. HP: 15/24 MP: 6/6
  2118 | D:2      | Reached XP level 4. HP: 30/30 MP: 2/7
  2210 | D:2      | Got the Reference Book on Toxic Flames
  2214 | D:2      | Found a shimmering blue altar of Sif Muna.
  2286 | D:2      | Noticed Robin
  2430 | D:2      | Learned a level 3 spell: Call Canine Familiar
  2493 | D:2      | Killed Robin
  2494 | D:2      | Reached XP level 5. HP: 35/35 MP: 2/8
  3359 | D:2      | Noticed Sigmund
  4449 | D:3      | Reached XP level 6. HP: 37/41 MP: 10/10
  4834 | D:4      | Learned a level 3 spell: Summon Guardian Golem
  4948 | D:4      | Found a staircase to the Ecumenical Temple.
  5045 | Temple   | Entered the Ecumenical Temple
  5160 | Temple   | Became a worshipper of Cheibriados the Contemplative
  5311 | D:4      | Found Ethreifot's Assorted Antiques.
  5315 | D:4      | Found Quniotelea's Magic Scroll Shop.
  5320 | D:4      | Found Feitaec's Distillery.
  5321 | D:4      | Found Adapn's Antique Weapon Shop.
  5401 | D:4      | Noticed Grinder
  5480 | D:4      | Noticed a necrophage
  5498 | D:4      | Killed a necrophage
  5547 | D:4      | Paralysed by Grinder for 3 turns
  5569 | D:4      | Killed Grinder
  5570 | D:4      | Reached skill level 5 in Spellcasting
  5570 | D:4      | Reached XP level 7. HP: 31/46 MP: 9/15
  6124 | D:4      | Reached skill level 1 in Fighting
  6132 | D:4      | Reached * piety under Cheibriados
  6144 | D:4      | Reached skill level 2 in Fighting
  6208 | D:4      | Identified the +9 hand axe "Goiham" {drain, rC- rN++}
  6357 | D:5      | Entered Level 5 of the Dungeon
  6363 | D:5      | Reached skill level 3 in Fighting
  6556 | D:5      | Reached skill level 4 in Fighting
  6672 | D:5      | Found an iron altar of Okawaru.
  6686 | D:5      | Identified the +10 hand axe of Terra Cotta {freeze, rF-
                  | MP-9 Str+7 Stlth+}
  6705 | D:5      | Reached skill level 5 in Fighting
  6705 | D:5      | Reached XP level 8. HP: 54/62 MP: 6/17
  6971 | D:5      | Reached skill level 6 in Fighting
  7164 | D:5      | Found a hide-covered altar of Uskayaw.
  7206 | D:5      | Reached skill level 7 in Fighting
  7640 | D:2      | Killed Sigmund
  7642 | D:2      | Reached ** piety under Cheibriados
  7777 | D:6      | Noticed a yak
  7777 | D:6      | Noticed a yak
  7777 | D:6      | Noticed a yak
  7847 | D:6      | Noticed Pikel
  7854 | D:6      | Noticed Maggie
  7854 | D:6      | Noticed Menkaure
  7864 | D:6      | Killed Menkaure
  7865 | D:6      | Reached skill level 8 in Fighting
  7866 | D:6      | HP: 3/69 [Maggie (16)]
  7867 | D:6      | Reached skill level 9 in Fighting
  7867 | D:6      | Succumbed to a water moccasin's poison

Illustrated notes

Levels and vault maps discovered:
D:1:      shiori_arrival_oz, layout_rooms, minmay_misc_feat_x,
          minmay_large_rounded_square, minmay_misc_feat_diagonals,
          minmay_3d_cube
D:2:      layout_basic, basic_altar, minmay_splitting_lines, uniq_robin,
          uniq_sigmund
D:3:      layout_loops_ring, kennysheep_cross_room, minmay_lizard_king
D:4:      layout_loops_ring, minmay_temple_entry_ruins,
          kennysheep_big_empty_room, minmay_shop_grid_forest,
          grunt_ministairs_10, kennysheep_windowed_goal, uniq_grinder
D:5:      layout_loops_cross, lemuel_coloured_pillars_altar, okawaru_gym_becter,
          wad_woods_river_04
D:6:      layout_cave_pools, worldfamousw_hep_ancestral_shrine,
          serial_gnoll_camp, gnoll_camp_mini_doghouse, gnoll_camp_huts_basic,
          gnoll_camp_mini_shop, gnoll_camp_mini_loothouse, gnoll_camp_mini_hut,
          gnoll_camp_mini_house, gup_sewer_entry_glass, lexackson_kobold_supper,
          uniq_crazy_yiuf_cottage, uniq_maggie, uniq_pikel, uniq_menkaure
Temple:   mainiacjoe_temple_coin_purse

Skill      XL: |  1  2  3  4  5  6  7  8 |
---------------+-------------------------+-----
Summonings     | 5 6 7 8 |  8.0
Spellcasting   | 3 5 6 |  6.0
Fighting       | 5 9 |  9.1
Dodging        | |  2.1
Stealth        | |  1.7

Action                   |  1- 3 |  4- 6 |  7- 9 || total
-------------------------+-------+-------+-------++-------
Melee: Unarmed           |     9 |       |       ||     9
       Dagger            |    25 |       |       ||    25
       Short sword       |    46 |   130 |    40 ||   216
       Hand axe          |       |       |    72 ||    72
 Cast: Summon Small Mamm |    33 |    17 |     2 ||    52
       Call Imp          |     3 |    14 |     4 ||    21
       Call Canine Famil |       |    17 |    12 ||    29
       Summon Guardian G |       |     2 |     5 ||     7
 Abil: Hop               |       |       |     1 ||     1
  Use: Potion            |       |       |     1 ||     1
 Stab: Sleeping          |     5 |     2 |     2 ||     9
       Distracted        |       |       |     3 ||     3
Armor: Robe              |    30 |    31 |    21 ||    82
Dodge: Dodged            |    76 |   105 |    55 ||   236

Table legend: (Time is in decaauts)
 A = Elapsed time spent in this place.
 B = Non-inter-level travel time spent in this place.
 C = Inter-level travel time spent in this place.
 D = Time resting spent in this place.
 E = Time spent auto-exploring this place.
 F = Levels seen in this place.
 G = Mean time per level.
                   A        B        C        D        E       F      G
               +--------+--------+--------+--------+--------+-----+--------+
         Total |   9270 |   8643 |    627 |      4 |   7076 |   7 | 1324.3 |
       Dungeon |   9119 |   8527 |    592 |      4 |   6976 |   6 | 1519.8 |
        Temple |    151 |    116 |     35 |      0 |     99 |   1 |  151.0 |
               +--------+--------+--------+--------+--------+-----+--------+

Top non-repeatable levels by time:
     D:1: 2203 daAuts
     D:4: 2000 daAuts
     D:2: 1744 daAuts
     D:5: 1614 daAuts
     D:3: 1499 daAuts
  Temple: 151 daAuts
     D:6: 57 daAuts
